 Dungeon Sprint DCSS version 0.21-a0-364-gbd1fde4 (webtiles) character file.

119 Kidiri the Chucker (level 4, -11/48 HPs)
             Began as a Troll Hunter on Oct 14, 2017.
             Was a Follower of Trog.
             Mangled by an ogre
             ... wielding a +0 giant spiked club
              (16 damage)
             ... in the Dungeon (Sprint IX: "|||||||||||||||||||||||||||||").
             The game lasted 00:02:21 (147 turns).

Kidiri the Chucker (Troll Hunter)                    Turns: 147, Time: 00:02:21

Health: -11/48     AC:  5    Str: 21    XL:     4   Next: 74%
Magic:  3/3        EV: 11    Int: 10    God:    Trog [*.....]
Gold:   0          SH:  0    Dex: 13    Spells: 3/3 levels left

rFire    . . .     SeeInvis .   a - +2 dire flail (crush)
rCold    . . .     Gourm    +   (shield currently unavailable)
rNeg     . . .     Faith    .   b - +0 robe
rPois    .         Spirit   .   (helmet restricted)
rElec    .         Reflect  .   (no cloak)
rCorr    .         Harm     .   (gloves unavailable)
MR       .....     NoTele   +   (boots unavailable)
Stlth    +.........             (no amulet)
HPRegen  0.56/turn              p - +3 ring of intelligence
MPRegen  0.08/turn              q - +3 ring of dexterity

@: no status effects
A: unfitting armour, claws 3, fast metabolism 3, gourmand, regeneration 1,
shaggy fur 1, tough skin 2
a: Berserk, Burn Spellbooks, Renounce Religion


You were in the Dungeon.
You worshipped Trog.
Trog was aware of your devotion.
You were not hungry.

You visited 1 branch

Inventory:

Hand Weapons
 a - a +2 dire flail of crushing (weapon)
Armour
 b - a +0 robe (worn)
Jewellery
 p - a +3 ring of intelligence (left claw)
 q - a +3 ring of dexterity (right claw)
Wands
 o - a wand of iceblast (7/15)
Scrolls
 k - 2 scrolls of blinking
 n - 3 scrolls of remove curse
Potions
 e - 5 potions of curing
 g - 3 potions of heal wounds
 h - a potion of haste
 i - 4 potions of magic
 j - a potion of berserk rage
 m - a potion of invisibility
Comestibles
 f - 2 bread rations
 l - 10 chunks of flesh


   Skills:
 * Level 4.0 Fighting
 * Level 3.4 Maces & Flails
 + Level 4.6 Throwing
 * Level 3.5 Armour
 * Level 4.0 Dodging
 - Level 0.3 Stealth


You had 3 spell levels left.
You didn't know any spells.

Dungeon Overview and Level Annotations

Branches:
Dungeon (1/1)

Altars:
Cheibriados
Dithmenos
Elyvilon
Fedhas
Gozag
Hepliaklqana
Kikubaaqudgha
Makhleb
Nemelex Xobeh
Okawaru
Qazlal
Ru
Sif Muna
Trog
Uskayaw
Vehumet
Wu Jian
Xom
Yredelemnul
Zin
The Shining One
Beogh
Jiyva
Lugonu


Innate Abilities, Weirdness & Mutations

You are too large for most types of armour.
You have claws for hands.
Your metabolism is lightning-fast.
You like to eat raw meat.
Your natural rate of healing is unusually fast.
You are covered in fur. (AC +1)
You have very tough skin. (AC +2)


Message History

The adder zombie struggles against the net. x2
The adder zombie struggles against the net.
Things that are here:
a hand axe; a robe; 2 large rocks You puncture the adder zombie!
The adder zombie is heavily damaged.
The adder zombie struggles against the net.
The net rips apart, and the adder zombie comes free!
You puncture the adder zombie!
You destroy the adder zombie!
Trog accepts your kill.
You hit the ogre.
The ogre is heavily wounded.
The ogre hits you with a giant spiked club!!
Ouch! That really hurt!
* * * LOW HITPOINT WARNING * * *
You hit the ogre.
The ogre is heavily wounded.
The ogre hits you with a giant spiked club!
You die... ▓▓▓▓▓▓▓▓▓▓▓▓▓▓▓▓▓▓▓▓▓▓▓ _____'.?|)[[[..'@OZ...+ ▓▓▓▓▓▓▓▓▓▓▓▓▓▓▓▓▓▓▓▓▓▓▓

You could see an ogre and an adder skeleton.

Vanquished Creatures
  A wight (D)
  A jelly (D)
  A worker ant (D)
  An adder (D)
  2 adder zombies (D)
  An orc (D)
  A giant cockroach (D)
  A goblin (D)
  2 hobgoblins (D)
  A jackal (D)
  A frilled lizard (D)
  A kobold (D)
14 creatures vanquished.

Notes
Turn   | Place    | Note
-------+----------+-------------------------------------------
     0 | D        | Kidiri the Troll Hunter began the quest for the Orb.
     0 | D        | Reached XP level 1. HP: 19/19 MP: 0/0
    11 | D        | Reached skill level 1 in Armour
    33 | D        | Noticed a jelly
    34 | D        | Killed a jelly
    34 | D        | Reached skill level 1 in Maces & Flails
    34 | D        | Reached XP level 2. HP: 31/31 MP: 1/1
    34 | D        | Reached XP level 3. HP: 37/37 MP: 2/2
    79 | D        | Found a roughly hewn altar of Beogh.
    79 | D        | Found a snail-covered altar of Cheibriados.
    79 | D        | Found a shadowy altar of Dithmenos.
    79 | D        | Found a white marble altar of Elyvilon.
    79 | D        | Found a blossoming altar of Fedhas.
    79 | D        | Found an opulent altar of Gozag.
    80 | D        | Found a hazy altar of Hepliaklqana.
    81 | D        | Found a viscous altar of Jiyva.
    82 | D        | Found an ancient bone altar of Kikubaaqudgha.
    83 | D        | Found a corrupted altar of Lugonu.
    84 | D        | Found a burning altar of Makhleb.
    85 | D        | Found a sparkling altar of Nemelex Xobeh.
    86 | D        | Found an iron altar of Okawaru.
    87 | D        | Found a stormy altar of Qazlal.
    88 | D        | Found a sacrificial altar of Ru.
    89 | D        | Found a deep blue altar of Sif Muna.
    90 | D        | Found a bloodstained altar of Trog.
    91 | D        | Found a hide-covered altar of Uskayaw.
    92 | D        | Found a radiant altar of Vehumet.
    93 | D        | Found an ornate altar of the Wu Jian Council.
    94 | D        | Found a shimmering altar of Xom.
    95 | D        | Found a basalt altar of Yredelemnul.
    96 | D        | Found a glowing silver altar of Zin.
    97 | D        | Found a glowing golden altar of the Shining One.
   100 | D        | Became a worshipper of Trog the Wrathful
   131 | D        | Noticed an ogre
   135 | D        | Reached XP level 4. HP: 36/45 MP: 3/3
   142 | D        | Reached * piety under Trog
   147 | D        | Mangled by an ogre

Vault maps used:
D:        linesprint

Skill      XL: |  1  2  3  4 |
---------------+-------------+-----
Fighting       | 3 4 |  4.0
Armour         | 2 3 |  3.5
Dodging        | 3 4 |  4.0
Maces & Flails | 1 2 3 |  3.4
Throwing       | 4 |  4.6
Stealth        | |  0.3

Action                   |  1- 3 |  4- 6 || total
-------------------------+-------+-------++-------
Melee: Unarmed           |     9 |       ||     9
       Club              |    33 |       ||    33
       Dire flail        |     2 |     5 ||     7
Throw: Large rock        |     3 |     4 ||     7
       Throwing net      |       |     2 ||     2
Armor: Robe              |    12 |     1 ||    13
Dodge: Dodged            |    29 |     5 ||    34

Table legend:
 A = Spawn XP
 B = Non-spawn XP
 C = Spawn XP percentage of total XP
 D = Spawn monster count
 E = Non-spawn monster count
 F = Spawn count percentage of total count
 G = Total turns spent on level
                    A         B        C        D         E        F      G
               +---------+---------+-------+---------+---------+-------+---------
         Total |       0 |     171 |   0.0 |       0 |      14 |   0.0 |   147
               +---------+---------+-------+---------+---------+-------+---------
             D |       0 |     171 |   0.0 |       0 |      14 |   0.0 |   147
               +---------+---------+-------+---------+---------+-------+---------
